 Dungeon Crawl Stone Soup version 0.26-a0-58-g79b31b8662 (webtiles) character file.

Game seed: 9168419167916267324

47 Ozzies the Skirmisher (level 3, -2/24 HPs)
             Began as a Gargoyle Fighter on June 8, 2020.
             Slain by a gnoll
             ... wielding a +1 halberd of flaming
              (7 damage)
             ... on level 2 of the Dungeon.
             The game lasted 00:03:04 (1768 turns).

Ozzies the Skirmisher (Gargoyle Fighter)            Turns: 1768, Time: 00:03:05

Health: -2/24      AC: 10    Str: 20    XL:     3   Next: 70%
Magic:  3/3        EV:  7    Int:  8    God:
Gold:   161        SH:  9    Dex:  9    Spells: 2/2 levels left

rFire    . . .     SeeInvis .   a - +0 flail
rCold    . . .     Gourm    .   c - +0 kite shield
rNeg     + . .     Faith    .   b - +0 scale mail
rPois    ∞         Spirit   .   (no helmet)
rElec    +         Reflect  .   (no cloak)
rCorr    .         Harm     .   (no gloves)
MR       .....                  (no boots)
Stlth    ..........             (no amulet)
HPRegen  0.08/turn              e - ring of flight
MPRegen  0.08/turn              (no ring)

@: no status effects
A: negative energy resistance 1, electricity resistance, unbreathing,
petrification resistance, rot immunity, AC +3
a: Evoke Flight


You were on level 2 of the Dungeon.
You were not hungry.

You visited 1 branch of the dungeon, and saw 2 of its levels.

You collected 161 gold pieces.

Inventory:

Hand Weapons
 a - a +0 flail (weapon)
Armour
 b - a +0 scale mail (worn)
 c - a +0 kite shield (worn)
Jewellery
 e - a ring of flight (left hand)
Scrolls
 g - a scroll of random uselessness {unknown}
 i - 2 scrolls of remove curse {unknown}
 j - 2 scrolls of teleportation {unknown}
 n - a scroll of noise {unknown}
 p - 2 scrolls of identify {unknown}
 s - a scroll of magic mapping {unknown}
Potions
 d - 2 potions of might
 h - a potion of cancellation {unknown}
 k - a potion of resistance {unknown}
 l - a potion of curing {unknown}
 m - a potion of stabbing {unknown}
 o - a potion of berserk rage {unknown}
 q - a potion of heal wounds {unknown}
 r - a potion of invisibility {unknown}
Comestibles
 f - 4 rations


   Skills:
 * Level 4.5 Fighting
 + Level 2.7 Maces & Flails
 - Level 3.2 Armour
 - Level 3.2 Shields


You had 2 spell levels left.
You didn't know any spells.
Your spell library was empty.

Dungeon Overview and Level Annotations

Branches:
Dungeon (2/15)

Altars:


Innate Abilities, Weirdness & Mutations

You are resistant to torment.
Your stone body is resilient. (AC +3)
You are immune to poison.
You resist negative energy. (rN+)
You are resistant to electric shocks. (rElec)
You can survive without breathing.
You are immune to petrification.
You are immune to rotting.


Message History

You are too injured to fight recklessly!
You are too injured to fight recklessly!
You are too injured to fight recklessly!
You are too injured to fight recklessly!
You are too injured to fight recklessly!
You are too injured to fight recklessly!
You hit the adder.
The adder is heavily wounded.
The adder barely misses you. The gnoll hits you but does no damage.
You block the hobgoblin's attack. The adder bites you but does no damage.
You barely miss the adder.
The adder is heavily wounded.
The gnoll barely misses you. The adder bites you.
* * * LOW HITPOINT WARNING * * *
The hobgoblin hits you but does no damage.
The adder bites you but does no damage.
You closely miss the adder.
The adder is heavily wounded.
The gnoll hits you from afar with a +1 halberd of flaming!
You die...

#.# ##.#..#.##.# #.#
##.#..#.##..# #.##
##.#..#.##..##
...###
##.#..#.##....#
.....#
##.#..#.##..##.#
...#.#######
##.#..#.##....###
#.##........
##.#.g#.##..##...#
#.##########
#(.gS..###...###.#
#.#
#'#@#..#.###.).###
#.#
#.###.#..#.###...#
#.#
#...###.#..#.###.#
#.#
##....###.#..#.#'#
#.#
#..#....###.#..#.###
#.#
#.##.##...###.#.)..#
#.#
#.#(.#..#...###..#.#
#.#
##################.#
#.#######
#..........#


You could see a gnoll, an adder and a hobgoblin.

Vanquished Creatures
  An adder (D:2)
  A worm (D:2)
  2 leopard geckos (D:1)
  3 orcs (D:2)
  A giant cockroach (D:2)
  6 goblins
  6 hobgoblins
  3 kobolds
  2 bats
  4 frilled lizards
29 creatures vanquished.

Notes
Turn   | Place    | Note
-------+----------+-------------------------------------------
     0 | D:1      | Ozzies the Gargoyle Fighter began the quest for the Orb.
     0 | D:1      | Reached XP level 1. HP: 14/14 MP: 1/1
   157 | D:1      | Reached XP level 2. HP: 20/20 MP: 2/2
   640 | D:1      | Reached skill level 4 in Fighting
  1381 | D:2      | Reached XP level 3. HP: 21/24 MP: 3/3
  1768 | D:2      | Slain by a gnoll

Illustrated notes

Levels and vault maps discovered:
D:1:      saegor_arrival_simple_b, layout_loops_cross, minivault_5,
          chequers_big_river, minmay_misc_feat_hallway
D:2:      minmay_razor_zed, layout_loops_corners, first_ration,
          minmay_hedge_maze, guppyfry_early_orc_mine

Skill      XL: |  1  2 |
---------------+-------+-----
Fighting       | 4 |  4.5
Maces & Flails | |  2.7
Armour         | |  3.2
Shields        | |  3.2

Action                   || total
-------------------------++-------
Melee: Flail             ||   140
 Abil: Evoke Flight      ||     2
  Eat: Chunk             ||     3
Armor: Scale mail        ||    83
Dodge: Dodged            ||    47
Block: Kite shield       ||    71

Table legend:
 A = Non-vault XP
 B = Vault XP
 C = Vault XP percentage of total XP
 D = Non-vault monster count
 E = Vault monster count
 F = Vault count percentage of total count
                 A         B        C        D         E       F
            +---------+---------+-------+---------+---------+-------
      Total |      32 |      36 |  52.9 |      16 |      13 |  44.8
            +---------+---------+-------+---------+---------+-------
        D:1 |      23 |       0 |   0.0 |      12 |       0 |   0.0
        D:2 |       9 |      36 |  80.0 |       4 |      13 |  76.5
            +---------+---------+-------+---------+---------+-------
